 Dungeon Crawl Stone Soup version 0.29.1-1-gd02db6906a (webtiles) character file.

Game seed: 1039512065665810198

10734 mopl the Spear-Bearer (level 11, -9/135 HPs)
             Began as a Palentonga Berserker on Oct 21, 2022.
             Was an Elder of Trog.
             Mangled by a skeletal warrior
             ... wielding a +0 trident
              (14 damage)
             ... on level 9 of the Dungeon.
             The game lasted 00:11:04 (9288 turns).

mopl the Spear-Bearer (Palentonga Berserker)        Turns: 9288, Time: 00:11:05

Health: -9/135     AC: 18    Str: 31    XL:     11   Next: 40%
Magic:  11/11      EV:  7    Int:  8    God:    Trog [****..]
Gold:   705        SH:  0    Dex: 11    Spells: 10/10 levels left

rFire   . . .      SeeInvis +   L - +9 war axe "Sano" {vorpal, rPois Str+6}
rCold   . . .      Faith    .   (no shield)
rNeg    . . .      Spirit   .   w - +0 plate armour
rPois   +          Reflect  .   (no helmet)
rElec   .          Harm     .   n - +0 cloak
rCorr   .          Rampage  .   (no gloves)
Will    .....                   (no barding)
Stlth   ..........              (no amulet)
HPRegen 0.32/turn               (no ring)
MPRegen 0.12/turn               (no ring)

@: berserking, curled up, very quick
A: large, rugged brown scales 3, see invisible, deformed body, roll 1, armoured
tail, reflexive curl
a: Rolling Charge, Renounce Religion, Berserk, Trog's Hand, Brothers in Arms


You were on level 9 of the Dungeon.
You worshipped Trog.
Trog was greatly pleased with you.
You visited 1 branch of the dungeon, and saw 9 of its levels.
You also visited: Bailey.

You collected 705 gold pieces.

Inventory:

Hand Weapons
 a - a +0 spear
 b - the +11 sling of Courage {venom, rC+ rCorr Str+7}
   (You found it on level 5 of the Dungeon)

   Any ammunition fired from it poisons the flesh of those it strikes.
   Str:       It affects your strength (+7).
   rC:        It protects you from cold.
   rCorr:     It protects you from acid and corrosion.
 c - a +3 halberd
 C - the +3 hand axe "Beastbane" {drain, *Noise +Blink rPois}
   (You found it on level 6 of the Dungeon)

   A truly terrible weapon, it drains the life of any living foe it strikes.
   rPois:     It protects you from poison.
   +Blink:    It lets you blink.
   *Noise:    It may make noises in combat.
 G - a +0 glaive
 L - the +9 war axe "Sano" (weapon) {vorpal, rPois Str+6}
   (You found it on level 7 of the Dungeon)

   It inflicts extra damage upon your enemies.
   Str:       It affects your strength (+6).
   rPois:     It protects you from poison.
Missiles
 z - 35 poisoned darts (quivered)
 D - 4 javelins
 M - 5 boomerangs
Armour
 n - a +0 cloak (worn)
 w - a +0 plate armour (worn)
Jewellery
 J - an amulet of guardian spirit
Wands
 i - a wand of paralysis (8)
 r - a wand of roots (5)
 u - a wand of flame (10)
 B - a wand of acid (9)
 F - a wand of polymorph (8)
Scrolls
 d - a scroll of torment {unknown}
 e - a scroll of magic mapping {unknown}
 f - 7 scrolls of teleportation {unknown}
 g - 3 scrolls of enchant weapon {unknown}
 m - a scroll of enchant armour {unknown}
 t - 2 scrolls of summoning {unknown}
 v - 2 scrolls of noise {unknown}
 y - 2 scrolls of poison {unknown}
 I - 2 scrolls of acquirement {unknown}
 K - a scroll of vulnerability {unknown}
Potions
 h - 4 potions of degeneration {unknown}
 j - 2 potions of lignification {!q}
 k - 2 potions of haste
 l - 3 potions of attraction {unknown}
 o - 3 potions of mutation {!q}
 p - 2 potions of flight {unknown}
 q - a potion of might
 s - a potion of magic
 x - 3 potions of heal wounds
 A - 5 potions of curing {unknown}
 E - a potion of ambrosia
 H - 2 potions of invisibility
 N - a potion of resistance


   Skills:
 + Level 7.6 Fighting
 * Level 9.5 Polearms
 + Level 5.0 Throwing
 + Level 6.0 Armour
 + Level 6.0 Dodging
 + Level 5.9 Evocations


You had 10 spell levels left.
You didn't know any spells.
Your spell library was empty.

Dungeon Overview and Level Annotations

Branches:
Dungeon (9/15)             Temple (0/1) D:6          Bailey (visited)
   Lair: D:8-11         Orc: D:9-12

Altars:
Hepliaklqana
Wu Jian
The Shining One

Annotations:
D:9 exclusion: obsidian statue


Innate Abilities, Weirdness & Mutations

You are completely covered in rugged brown scales. (AC +3, +7% HP)
You have supernaturally acute eyesight. (SInv)
Armour fits poorly on your strangely shaped body.
You can roll at nearby foes to attack.
You have a long armoured tail.
You curl defensively after being hit. (AC +7*)


Message History

There are monsters nearby!
You closely miss the skeletal warrior.
The skeletal warrior hits you with a +0 mace!
The skeletal warrior hits you from afar with a +0 trident!
A red film seems to cover your vision as you go berserk!
You feel yourself moving faster!
You feel mighty!
The skeletal warrior hits you with a +0 mace!
The skeletal warrior hits you from afar with a +0 trident!
You hit the skeletal warrior.
The skeletal warrior is lightly damaged.
The skeletal warrior hits you with a +0 mace!
The skeletal warrior hits you from afar with a +0 trident!
Unknown command.
You slash the skeletal warrior!
The skeletal warrior is lightly damaged.
Unknown command.
You barely miss the skeletal warrior.
The skeletal warrior is lightly damaged.
The skeletal warrior hits you with a +0 mace!
* * * LOW HITPOINT WARNING * * *
The skeletal warrior hits you from afar with a +0 trident.
* * * LOW HITPOINT WARNING * * *
Unknown command.
You slash the skeletal warrior! You tail-slap the skeletal warrior!
The skeletal warrior is heavily damaged.
You barely miss the skeletal warrior.
The skeletal warrior hits you with a +0 mace!
* * * LOW HITPOINT WARNING * * *
The skeletal warrior hits you with a +3 battleaxe.
* * * LOW HITPOINT WARNING * * *
The skeletal warrior closely misses you.
You hit the skeletal warrior but do no damage.
The skeletal warrior is moderately damaged.
You closely miss the skeletal warrior.
The skeletal warrior hits you with a +0 mace.
* * * LOW HITPOINT WARNING * * *
The skeletal warrior hits you with a +3 battleaxe!
* * * LOW HITPOINT WARNING * * *
The skeletal warrior hits you from afar with a +0 trident!
You die...

#..##### #.##.# #.##.# ......#
#.##.# #.##.# #.###.# #.##.#
#.##.#### #.###.### #. #.#
#.......# ...)..... ####.
####.##.# #.###.### ...z #.##.#
# #.# #.# #.z #.##.# # #.# #.#
#.z##########.##.# #
..###.##### #.z@..........##.#
#
..........####..###...#######.#
#
..##.####.##.........))).)....#
#
................###...####.####
# .................###.## #.# #
.###.###..##.##...##.# #.# #
.###.###.............# #.#
.......)..##.##...#### #.#
####...))###.###.## #.#


You could see 4 skeletal warriors.

Vanquished Creatures
  A two-headed ogre (Bailey)
  A death yak (D:8)
  The ghost of sankara the Ruffian, a novice MiGl (D:4)
  A kobold demonologist (D:9)
  4 spriggans (Bailey)
  35 yaks
  A wyvern (D:9)
  2 steam dragons
  An ice beast (D:6)
  An orc warrior (D:9)
  A sky beast (D:7)
  A black bear (D:6)
  4 ogres
  A centaur (D:7)
  3 bullfrogs
  5 kobold brigands
  2 scorpions
  A necrophage (D:6)
  A water moccasin zombie (D:4)
  3 wights (D:6)
  11 killer bees
  3 howler monkeys (D:7)
  An electric eel (D:8)
  3 jellies
  An orc priest (D:5)
  2 centaur skeletons (D:4)
  Crazy Yiuf (D:6)
  8 hounds
  Jessica (D:2)
  Natasha (thrice) (D:2)
  An iguana (D:5)
  5 orc wizards
  10 adders
  2 white imps
  An ufetubus (D:6)
  3 worms
  A dart slug (D:1)
  26 orcs
  8 ball pythons
  4 endoplasms
  3 giant cockroaches
  2 goblins
  7 hobgoblins
  6 jackals
  A quokka (D:3)
  A frilled lizard (D:1)
  22 kobolds
207 creatures vanquished.

Vanquished Creatures (others)
  A bullfrog (D:7)
  2 fungi (D:2)
  12 plants (D:2)
15 creatures vanquished.

Grand Total: 222 creatures vanquished

Notes
Turn   | Place    | Note
-------+----------+-------------------------------------------
     0 | D:1      | mopl the Palentonga Berserker began the quest for the Orb.
     0 | D:1      | Reached XP level 1. HP: 19/19 MP: 1/1
    19 | D:1      | You fall into a shaft and drop 1 floor!
    79 | D:2      | Noticed Jessica
    80 | D:2      | Noticed Natasha
    84 | D:2      | Noticed a crimson imp
    84 | D:2      | Killed Jessica
    85 | D:2      | Reached skill level 3 in Polearms
    85 | D:2      | Reached XP level 2. HP: 25/25 MP: 2/2
    85 | D:2      | Reached XP level 3. HP: 31/31 MP: 3/3
    85 | D:2      | Killed Natasha
    86 | D:2      | Reached skill level 2 in Armour
    86 | D:2      | Reached skill level 2 in Dodging
   203 | D:1      | Reached XP level 4. HP: 37/37 MP: 4/4
  1408 | D:2      | Noticed Natasha
  1425 | D:2      | Killed Natasha
  1468 | D:2      | Found a faded altar of an unknown god.
  1558 | D:2      | Noticed Natasha
  1567 | D:2      | Killed Natasha
  1568 | D:2      | Reached XP level 5. HP: 43/43 MP: 5/5
  1916 | D:3      | Found a glowing golden altar of the Shining One.
  1918 | D:3      | Found a hazy altar of Hepliaklqana.
  2518 | D:4      | Reached skill level 4 in Polearms
  2812 | D:4      | Reached skill level 1 in Throwing
  2873 | D:4      | Reached skill level 1 in Evocations
  2873 | D:4      | Reached XP level 6. HP: 51/51 MP: 6/6
  2950 | D:4      | Reached ** piety under Trog
  2951 | D:4      | Reached skill level 4 in Fighting
  3282 | D:4      | Found a runed translucent gate.
  3283 | D:4      | Found a runed translucent gate.
  3284 | D:4      | Found a runed translucent gate.
  3286 | D:4      | Noticed sankara's ghost (novice MiGl)
  3298 | D:4      | Killed sankara's ghost
  3299 | D:4      | Reached skill level 5 in Polearms
  3299 | D:4      | Reached skill level 3 in Armour
  3299 | D:4      | Reached skill level 3 in Dodging
  3299 | D:4      | Gained mutation: You curl defensively after being hit. (AC
                  | +7*) [Palentonga growth]
  3299 | D:4      | Reached XP level 7. HP: 58/58 MP: 7/7
  3304 | D:4      | Reached skill level 2 in Evocations
  3494 | D:5      | Entered Level 5 of the Dungeon
  3507 | D:5      | Reached skill level 2 in Throwing
  3853 | D:5      | Reached XP level 8. HP: 59/65 MP: 8/8
  3926 | D:5      | Identified the +11 sling of Courage {venom, rC+ rCorr
                  | Str+7}
  4348 | D:6      | Reached skill level 5 in Fighting
  4375 | D:6      | Reached skill level 6 in Polearms
  4383 | D:6      | Reached skill level 3 in Evocations
  4646 | D:6      | Identified the +3 hand axe "Beastbane" {drain, *Noise
                  | +Blink rPois}
  4727 | D:6      | Reached skill level 4 in Armour
  4731 | D:6      | Reached skill level 4 in Dodging
  4734 | D:6      | Reached skill level 3 in Throwing
  4734 | D:6      | Reached XP level 9. HP: 72/72 MP: 9/9
  4743 | D:6      | Found a staircase to the Ecumenical Temple.
  5093 | D:6      | Reached skill level 7 in Polearms
  5093 | D:6      | Reached *** piety under Trog
  5094 | D:6      | Reached skill level 6 in Fighting
  5096 | D:6      | Reached skill level 4 in Evocations
  5362 | D:6      | Found a runed translucent door.
  5363 | D:6      | Noticed Crazy Yiuf
  5601 | D:6      | Killed Crazy Yiuf
  5765 | D:7      | Found a flagged portal.
  5775 | Bailey   | Entered a bailey
  5810 | Bailey   | Reached XP level 10. HP: 63/82 MP: 10/10
  6065 | Bailey   | Noticed a two-headed ogre
  6076 | Bailey   | Killed a two-headed ogre
  6077 | Bailey   | Reached skill level 8 in Polearms
  6077 | Bailey   | Reached skill level 4 in Throwing
  6077 | Bailey   | Reached skill level 5 in Armour
  6077 | Bailey   | Reached skill level 5 in Dodging
  6574 | D:7      | Identified the +9 war axe "Sano" {vorpal, rPois Str+6}
  6866 | D:7      | Found an ornate altar of the Wu Jian Council.
  7028 | D:8      | Reached skill level 5 in Evocations
  7031 | D:8      | Reached skill level 7 in Fighting
  7183 | D:8      | Reached **** piety under Trog
  7214 | D:8      | Identified the +4 whip "Jegg" {vorpal, Will+}
  7284 | D:8      | Reached skill level 9 in Polearms
  7285 | D:8      | Reached XP level 11. HP: 36/89 MP: 11/11
  8084 | D:8      | Noticed a death yak
  8093 | D:8      | Killed a death yak
  8705 | D:9      | Noticed an obsidian statue
  9130 | D:9      | Reached skill level 5 in Throwing
  9130 | D:9      | Reached skill level 6 in Armour
  9130 | D:9      | Reached skill level 6 in Dodging
  9281 | D:9      | Noticed a skeletal warrior
  9281 | D:9      | Noticed a skeletal warrior
  9281 | D:9      | Noticed a skeletal warrior
  9281 | D:9      | Noticed a skeletal warrior
  9288 | D:9      | HP: 5/135 [skeletal warrior/+3 battleaxe (12)]
  9288 | D:9      | Mangled by a skeletal warrior

Illustrated notes

Levels and vault maps discovered:
D:1:      eino_arrival_druids_welcome, layout_basic, minmay_misc_feat_rugged,
          minivault_5
D:2:      layout_rooms, shapermc_ecumenical_altar_mp_ritualfount, uniq_natasha,
          uniq_jessica
D:3:      layout_basic, nicolae_overflow_hidden_temple
D:4:      layout_basic, gammafunk_ghost_necromancy
D:5:      layout_basic
D:6:      layout_basic, minmay_temple_entry_purple_smoke,
          uniq_crazy_yiuf_cottage
D:7:      layout_loops_ring, kennysheep_mini, enter_bailey_2,
          grunt_ministairs_7, lemuel_flamethrower_2
D:8:      argonaut_augean_stables, layout_loops_ring
D:9:      layout_loops_ring, minmay_protected_statue

Skill      XL: |  1  2  3  4  5  6  7  8  9 10 11 |
---------------+----------------------------------+-----
Polearms       | 3 4 5 6 7 9 |  9.5
Armour         | 2 3 4 5 6 |  6.0
Dodging        | 2 3 4 5 6 |  6.0
Throwing       | 1 2 3 4 5 |  5.0
Evocations     | 1 2 3 4 5 |  5.9
Fighting       | 4 5 6 7 |  7.6

Action                   |  1- 3 |  4- 6 |  7- 9 | 10-12 || total
-------------------------+-------+-------+-------+-------++-------
Melee: Spear             |    23 |   168 |   136 |       ||   327
       Tailslap          |     1 |    16 |    21 |    22 ||    60
       Punch             |       |     1 |       |     3 ||     4
       Hand axe          |       |       |    36 |       ||    36
       War axe           |       |       |       |   158 ||   158
 Fire: Sling             |       |       |    71 |    17 ||    88
Invok: Berserk           |     1 |     5 |     6 |     8 ||    20
Evoke: Wand              |       |     6 |       |     4 ||    10
  Use: Scroll            |       |       |     6 |     3 ||     9
Armor: Animal skin       |     3 |       |       |       ||     3
       Scale mail        |     2 |    51 |       |       ||    53
       Plate armour      |       |    11 |    88 |    86 ||   185
Dodge: Dodged            |     8 |    44 |    39 |    61 ||   152
